 Dungeon Crawl Stone Soup version 0.28.0-43-g3370ac3207 (webtiles) character file.

Game seed: 17736157773082551641

1381 tizbic2 the Chucker (level 8, -2/75 HPs)
             Began as an Ogre Hunter on Mar 3, 2022.
             Was an Initiate of Ru.
             Slain by an orc warrior
             ... wielding a +0 mace
              (20 damage)
             ... on level 6 of the Dungeon.
             The game lasted 00:49:08 (8833 turns).

tizbic2 the Chucker (Ogre Hunter)                   Turns: 8833, Time: 00:49:09

Health: -2/75      AC:  4    Str: 19    XL:     8   Next: 67%
Magic:  14/14      EV: 10    Int: 12    God:    Ru [......]
Gold:   245        SH:  0    Dex:  9    Spells: 8/15 levels left

rFire   + . .      SeeInvis .   w - +1 glaive (vamp)
rCold   . . .      Faith    .   (shield currently unavailable)
rNeg    . . .      Spirit   .   f - +1 robe {rF+}
rPois   .          Reflect  .   (helmet restricted)
rElec   .          Harm     .   (no cloak)
rCorr   .          Rampage  .   (gloves unavailable)
Will    .....                   (boots unavailable)
Stlth   +.........              (no amulet)
HPRegen 0.22/turn               (no ring)
MPRegen 0.14/turn               (no ring)

@: no status effects
A: large, unfitting armour, tough skin 1
a: Renounce Religion


You were on level 6 of the Dungeon.
You worshipped Ru.
Ru was noncommittal.
You visited 2 branches of the dungeon, and saw 8 of its levels.

You collected 245 gold pieces.

Inventory:

Hand Weapons
 q - a +4 dagger
 w - a +1 vampiric glaive (weapon)
Missiles
 a - 13 poisoned darts
 c - 3 large rocks
 d - a throwing net
 j - 133 stones (quivered)
Armour
 f - a +1 robe of fire resistance (worn)
Jewellery
 i - an amulet of faith
Wands
 g - a wand of iceblast (12)
Scrolls
 e - a scroll of fog
 h - a scroll of vulnerability
 l - 2 scrolls of amnesia
 n - a scroll of fear {unknown}
Potions
 b - 3 potions of curing
 k - 2 potions of brilliance
 m - 3 potions of attraction
 o - a potion of resistance {unknown}


   Skills:
 - Level 3.1 Fighting
 * Level 4.7 Polearms
 - Level 6.9 Throwing
 - Level 2.1 Dodging
 - Level 0.6 Stealth
 - Level 4.0 Spellcasting
 + Level 3.6 Summonings
 + Level 3.0 Earth Magic


You had 8 spell levels left.
You knew the following spells:

 Your Spells              Type           Power      Damage    Failure   Level
a - Call Canine Familiar  Summ           11%        N/A       16%         3
b - Animate Armour        Summ/Erth      20%        N/A       50%         4

Your spell library contained the following spells:

 Spells                   Type           Power      Damage    Failure   Level
 Summon Small Mammal      Summ           44%        N/A       4%          1
 Animate Skeleton         Necr           4%         N/A       22%         1
 Apportation              Tloc           4%         N/A       22%         1
 Summon Guardian Golem    Hex/Summ       6%         N/A       32%         3
 Stone Arrow              Conj/Erth      12%        3d7       34%         3
 Portal Projectile        Hex/Tloc       4%         N/A       54%         3
 Leda's Liquefaction      Hex/Erth       3%         N/A       75%         4
 Alistair's Intoxication  Tmut/Pois      1%         N/A       99%         5
 Orb of Destruction       Conj           1%         9d5       100%        7
 Spellforged Servitor     Conj/Summ      3%         N/A       100%        7
 Lehudib's Crystal Spear  Conj/Erth      3%         10d2      100%        8


Dungeon Overview and Level Annotations

Branches:
Dungeon (7/15)             Temple (1/1) D:7

Altars:
Ashenzari
Cheibriados
Dithmenos
Elyvilon
Fedhas
Gozag
Hepliaklqana
Kikubaaqudgha
Makhleb
Nemelex Xobeh
Okawaru
Qazlal
Ru
Sif Muna
Trog
Uskayaw
Vehumet
Wu Jian
Xom
Yredelemnul
The Shining One

Annotations:
D:5 Pikel
D:7 2 transporters, Jase's ghost, novice FoFi


Innate Abilities, Weirdness & Mutations

You are too large for most types of armour.
You have tough skin. (AC +1)


Message History

You kneel at the altar of Ru.
Ru welcomes you!
There is an iron altar of Okawaru here.
There is a bloodstained altar of Trog here.
There is a burning altar of Makhleb here.
There is a blossoming altar of Fedhas here.
There is a shimmering altar of Xom here.
There is an ancient bone altar of Kikubaaqudgha here.
There is an open door here.
Okay, then.
There is a staircase back to the Dungeon here.
You can't go down here!
You climb upwards.
Welcome back to the Dungeon!
Level annotation: 2 transporters, Jase's ghost, novice FoFi The orc hits you with a +0 club.
The orc priest looks satisfied for a moment.
There is a staircase to the Ecumenical Temple here.
The orc wizard gestures wildly while chanting.
The orc wizard flickers and vanishes!
Deactivating autopickup; reactivate with Ctrl-A.
The orc hits you but does no damage. The orc priest hits you with a +0 whip.
The orc hits you with a +0 club.
The orc priest looks satisfied for a moment.
You slash the orc!
You feel better.
You kill the orc!
The orc warrior drinks a potion.
The orc warrior goes berserk!
The orc warrior rages.
There is a stone staircase leading up here.
The orc warrior barely misses you.
The orc warrior hits you with a +0 mace!!
You climb upwards.
Reactivating autopickup.
There is a stone staircase leading down here.
As you read the scroll of fog, it crumbles to dust.
The scroll dissolves into smoke.
The orc warrior hits you with a +0 mace!
The orc warrior hits you with a +0 mace! x2
* * * LOW HITPOINT WARNING * * *
The orc warrior hits you with a +0 mace!!
You die...

.# #####.# #..........#####.....
.# #..##.# #....................
## #...#.###...§§§....####......
#####.#.........§§§§§..# #......
....#.#...##...§§§§§§..####......
.............#.§§§§§§..##........
.†..........##...§§§§..##.#......
..............).o§§§§.....#.#....
................@......####.##.##
.........................##.##.##
.....................###.#..#....
.....................###......#..
.................................
.........<............#.##.......
.........#....<.....#.........###
....................##...##.#.#
.:.....#...............#.##.#.#


You could see an orc warrior (berserk).

Vanquished Creatures
  Duvessa (D:4)
  2 centaurs
  3 scorpions
  A water moccasin skeleton (D:4)
  Dowan (D:4)
  A nameless horror (D:6)
  A centaur zombie (D:5)
  A jelly (D:4)
  A hound (D:5)
  A centaur skeleton (D:6)
  2 iguanas
  An orc wizard (D:4)
  2 gnolls (D:3)
  8 adders
  An ufetubus (D:6)
  3 worms
  3 dart slugs
  12 orcs
  4 bats
  5 endoplasms
  4 giant cockroaches
  10 goblins
  6 hobgoblins
  11 jackals (D:1)
  A quokka (D:2)
  3 ball pythons
  12 frilled lizards
  7 kobolds
  7 rats
115 creatures vanquished.

Vanquished Creatures (collateral kills)
  A wyvern (D:7)
  A water moccasin (D:5)
  A scorpion (D:4)
  A wyvern skeleton (D:7)
  2 hounds
  An adder (D:6)
7 creatures vanquished.

Vanquished Creatures (others)
  8 plants (D:1)
8 creatures vanquished.

Grand Total: 130 creatures vanquished

Notes
Turn   | Place    | Note
-------+----------+-------------------------------------------
     0 | D:1      | tizbic2 the Ogre Hunter began the quest for the Orb.
     0 | D:1      | Reached XP level 1. HP: 22/22 MP: 1/1
   336 | D:1      | Reached XP level 2. HP: 24/29 MP: 2/2
   799 | D:1      | Reached skill level 1 in Spellcasting
   812 | D:1      | Reached XP level 3. HP: 26/37 MP: 4/4
  1116 | D:1      | Found a faded altar of an unknown god.
  1504 | D:2      | Reached skill level 5 in Throwing
  1524 | D:2      | Reached XP level 4. HP: 31/45 MP: 5/5
  2917 | D:3      | Reached XP level 5. HP: 53/53 MP: 6/6
  3319 | D:3      | Reached skill level 1 in Earth Magic
  3778 | D:4      | Noticed Dowan
  3778 | D:4      | Noticed Duvessa
  4298 | D:3      | Reached skill level 1 in Summonings
  4313 | D:3      | Learned a level 3 spell: Call Canine Familiar
  4394 | D:2      | Identified a scroll of acquirement
  4394 | D:2      | Acquired a +1 vampiric glaive
  4629 | D:4      | Killed Dowan
  4630 | D:4      | Reached XP level 6. HP: 61/61 MP: 8/8
  4662 | D:4      | Reached skill level 6 in Throwing
  4684 | D:4      | Killed Duvessa
  5145 | D:4      | Reached XP level 7. HP: 65/67 MP: 10/10
  5175 | D:4      | Reached skill level 1 in Polearms
  6279 | D:4      | Learned a level 4 spell: Animate Armour
  6324 | D:5      | Entered Level 5 of the Dungeon
  6327 | D:5      | Noticed Pikel
  6544 | D:5      | Reached XP level 8. HP: 8/75 MP: 10/13
  6546 | D:5      | HP: 5/112 [poisoned by a water moccasin]
  6548 | D:5      | HP: 2/75 [poisoned by a water moccasin]
  6902 | D:5      | Identified the +0 leather armour of Shielding {rN+}
  7277 | D:4      | trident
  8384 | D:7      | Found a transporter.
  8385 | D:7      | Noticed a two-headed ogre
  8389 | D:7      | Noticed Jase's ghost (novice FoFi)
  8393 | D:7      | Found a bloodstained altar of Trog.
  8409 | D:7      | Noticed a moth of wrath
  8432 | D:7      | Found a transporter.
  8464 | D:7      | Noticed a wyvern
  8476 | D:7      | Killed a wyvern
  8636 | D:7      | Found a staircase to the Ecumenical Temple.
  8644 | Temple   | Entered the Ecumenical Temple
  8693 | Temple   | Became a worshipper of Ru the Awakened
  8833 | D:6      | Slain by an orc warrior

Illustrated notes

....................#....####..##
#####.#..........##.......# ##..#
#.#..........#....###.# ##.#
#.....#....#.#...## #.# #..
#.....####.....>..###.# ###
##...)# #####..#..##.# #####
#....# ####.....<##)###....
#....####..............#.###
#......##.[@.............#
###....#.................###
#........................#####
#............................#
#..................#########.#
#.................##########.#
#.......................##....
#######.#........[.<###.......
#.###.................>.


Turn 7277 on D:4: trident

Levels and vault maps discovered:
D:1:      minmay_arrival_up_and_down, layout_loops_corners,
          dreamdust_ecumenical_altar_grove, minmay_lizard_king
D:2:      cheibrodos_helix_gallery, layout_loops_ring
D:3:      minmay_skewed_foursquare, layout_loops_corners, serial_bayou_pond_b
D:4:      layout_rooms, kennysheep_dice, uniq_duvessa
D:5:      layout_gridville, uniq_pikel
D:6:      layout_rooms
D:7:      layout_loops_cross, minmay_temple_entry_slanted,
          gammafunk_ghost_wrathful_warriors
Temple:   kilobyte_greek_temple

Skill      XL: |  1  2  3  4  5  6  7  8 |
---------------+-------------------------+-----
Fighting       | 3 |  3.1
Dodging        | 2 |  2.1
Spellcasting   | 1 2 3 4 |  4.0
Throwing       | 5 6 |  6.9
Earth Magic    | 1 2 3 |  3.0
Summonings     | 1 2 3 |  3.6
Polearms       | 3 4 |  4.7
Stealth        | |  0.6

Action                   |  1- 3 |  4- 6 |  7- 9 || total
-------------------------+-------+-------+-------++-------
Melee: Spear             |    39 |       |       ||    39
       War axe           |    35 |       |       ||    35
       Dagger            |    16 |   135 |    11 ||   162
       Glaive            |       |    26 |    99 ||   125
Throw: Large rock        |     9 |     6 |     3 ||    18
       Stone             |    36 |    27 |    14 ||    77
       Dart              |    19 |    30 |    14 ||    63
       Throwing net      |       |     2 |       ||     2
 Cast: Call Canine Famil |       |       |    10 ||    10
  Use: Scroll            |     2 |     7 |     1 ||    10
       Potion            |       |     3 |     4 ||     7
 Stab: Sleeping          |       |       |     1 ||     1
Armor: Robe              |    40 |    37 |    57 ||   134
Dodge: Dodged            |    62 |    75 |   107 ||   244
